Selects Italian Combined Arms Battlegroup
Selects Bersaglieri Squad
Kradschützen Motorcycle Team
Construct Light Support Kompanie
Selects Bersaglieri Bolster
Selects Breda Model 30 Light Machine Guns
Panzerjäger Mechanized Group
Pak 38 Anti-tank Gun Team
Selects Semovente da 75/18 Assault Gun
Construct Panzerarmee Kommand